 Dungeon Crawl Stone Soup version 0.25.1-9-gc5326a611f (webtiles) character file.

Game seed: 13962313963070337062

44006 jondo1214 the Severer (level 14, -4/122 HPs)
             Began as a Hill Orc Fighter on Sept 14, 2021.
             Was an Elder of Beogh.
             Slain by an alligator snapping turtle (27 damage)
             ... on level 2 of the Shoals.
             The game lasted 01:24:30 (17369 turns).

jondo1214 the Severer (Hill Orc Fighter)           Turns: 17369, Time: 01:24:31

Health: -4/122     AC: 26    Str: 22    XL:     14   Next: 26%
Magic:  27/30      EV:  7    Int: 13    God:    Beogh [****..]
Gold:   2546       SH: 13    Dex: 16    Spells: 13/13 levels left

rFire    . . .     SeeInvis +   V - +7 morningstar "Newtbane" {venom, rPois MP+9 Int+3 SInv}
rCold    + . .     Gourm    .   c - +0 kite shield
rNeg     . . .     Faith    .   Y - +2 plate armour {rC+}
rPois    +         Spirit   .   w - +0 helmet
rElec    .         Reflect  .   N - +0 cloak
rCorr    .         Harm     .   n - +0 pair of gloves
MR       +....                  u - +0 pair of boots
Stlth    ..........             j - amulet of regeneration
HPRegen  0.70/turn              m - +4 ring of protection
MPRegen  0.22/turn              E - +6 ring of dexterity

@: very slow
A: no striking features
a: Smiting, Recall Orcish Followers, Renounce Religion


You were on level 2 of the Shoals.
You worshipped Beogh.
Beogh was greatly pleased with you.
You were not hungry.

You visited 3 branches of the dungeon, and saw 17 of its levels.
You also visited: Sewer and Bailey.

You collected 2546 gold pieces.

Inventory:

Hand Weapons
 a - a +1 war axe
 b - a +2 whip of electrocution
 v - a +1 flail of holy wrath
 U - a +1 trident of flaming
 V - the +7 morningstar "Newtbane" (weapon) {venom, rPois MP+9 Int+3 SInv}
   (You found it on level 3 of the Lair of Beasts)

   It poisons the flesh of those it strikes.
   It affects your intelligence (+3).
   It protects you from poison.
   It affects your magic capacity (+9).
   It lets you see invisible.
Missiles
 y - 20 poisoned darts (quivered)
Armour
 c - a +0 kite shield (worn)
 k - a +1 cloak
 n - a +0 pair of gloves (worn)
 u - a +0 pair of boots (worn)
 w - a +0 helmet (worn)
 N - a +0 cloak (worn)
 O - a +0 plate armour
 X - a +0 plate armour
 Y - a +2 plate armour of cold resistance (worn)
Magical Staves
 R - an uncursed staff of death
Jewellery
 j - an amulet of regeneration (around neck)
 m - a +4 ring of protection (left hand)
 D - a +4 ring of protection
 E - a +6 ring of dexterity (right hand)
 S - an uncursed amulet of regeneration
Wands
 x - a wand of disintegration (20)
 C - a wand of flame (24)
 K - a wand of paralysis (7)
 L - a wand of iceblast (17)
 P - a wand of polymorph (6)
 Q - a wand of random effects (30)
Scrolls
 e - a scroll of identify
 h - 5 scrolls of remove curse
 t - 15 scrolls of teleportation
 A - 3 scrolls of fog
 B - 4 scrolls of amnesia
 T - 2 scrolls of torment
 Z - a scroll of magic mapping
Potions
 d - a potion of might
 g - a potion of berserk rage
 i - 2 potions of curing
 l - 2 potions of mutation
 o - 2 potions of brilliance
 p - 3 potions of haste
 r - a potion of invisibility
 s - 2 potions of cancellation
 z - 2 potions of flight
 H - a potion of resistance
 I - 2 potions of stabbing
 W - a potion of ambrosia {unknown}
Miscellaneous
 F - a tin of tremorstones (3/3)
Comestibles
 f - 43 rations
 q - 3 chunks of flesh


   Skills:
 * Level 10.8 Fighting
 * Level 15.1(16.0) Axes
 + Level 8.1(11.5) Maces & Flails
 + Level 0.5(8.5) Polearms
 * Level 10.9 Armour
 + Level 2.2 Dodging
 + Level 1.8 Stealth
 * Level 11.7 Shields
 * Level 10.3 Invocations
 * Level 7.7 Evocations


You had 13 spell levels left.
You didn't know any spells.
Your spell library contained the following spells:

 Spells                   Type           Power        Failure   Level  Hunger
 Freeze                   Ice            #...         99%         1    ##.....
 Infusion                 Chrm           #...         99%         1    ##.....
 Shroud of Golubria       Chrm/Tloc      #.....       100%        2    ###....
 Song of Slaying          Chrm           #.......     100%        2    ###....
 Confusing Touch          Hex            #.......     100%        3    ####...
 Frozen Ramparts          Ice            #.....       100%        3    ####...
 Gell's Gravitas          Tloc           #.........   100%        3    ####...
 Ozocubu's Armour         Chrm/Ice       #.......     100%        3    ####...
 Spectral Weapon          Hex/Chrm       #.......     100%        3    ####...
 Hailstorm                Conj/Ice       #.......     100%        4    #####..
 Petrify                  Tmut/Erth      #.......     100%        4    #####..
 Summon Ice Beast         Ice/Summ       #.......     100%        4    #####..
 Metabolic Englaciation   Hex/Ice        #.........   100%        5    ######.
 Yara's Violent Unravell  Hex/Tmut       #.........   100%        5    ######.


Dungeon Overview and Level Annotations

Branches:
Dungeon (9/15)             Temple (0/1) D:6            Lair (6/6) D:8
 Shoals (2/4) Lair:2        Snake (0/4) Lair:2        Slime (0/5) Lair:6
  Sewer (visited)          Bailey (visited)
    Orc: D:9-12

Altars:
Dithmenos
Elyvilon
Hepliaklqana
Makhleb
Sif Muna
Uskayaw
Vehumet
Zin

Shops:
D:4 [


Message History

Press: ? - help, Dir - move target cursor, f - alligator snapping turtle Smite: an alligator snapping turtle (lightly wounded, extremely poisoned)
You smite the alligator snapping turtle!
The alligator snapping turtle is moderately wounded.
You can no longer walk on water.
You can no longer give items to your followers.
Your orc knight hits the alligator snapping turtle with a +0 battleaxe!
The alligator snapping turtle barely misses you.
You puncture the alligator snapping turtle!
The alligator snapping turtle looks as sick as possible!
The alligator snapping turtle is heavily wounded.
Zartorak hits the alligator snapping turtle with a +0 glaive!
The alligator snapping turtle bites Zartorak!!
Your orc knight splashes around in the water.
You sock the alligator snapping turtle!
The alligator snapping turtle looks as sick as possible!
The alligator snapping turtle is heavily wounded.
Zartorak hits the alligator snapping turtle with a +0 glaive!
The alligator snapping turtle bites you!!
You die...

≈≈≈≈≈≈≈≈≈≈≈≈≈≈≈≈≈≈≈≈≈≈≈≈≈≈≈≈≈#
≈≈≈≈≈≈≈≈≈≈..≈≈≈≈≈≈≈≈≈≈≈≈≈≈≈≈≈#
≈≈≈≈≈≈≈≈.....≈≈≈≈≈≈≈≈≈≈≈≈≈≈≈≈#
≈≈≈≈≈≈≈≈......≈≈≈≈≈≈≈≈≈≈≈≈≈≈≈#
≈≈≈..≈≈...##.....≈≈≈≈≈≈≈≈≈≈≈≈#
≈...............?≈..≈≈≈≈≈≈≈≈≈#
.....≈ #.P...≈≈....≈≈≈≈≈≈≈≈≈≈#
....≈≈ #.......≈≈≈≈≈≈≈≈≈≈≈≈≈#
...... ####...o@≈≈...≈≈≈≈≈≈≈#
#...ot≈....≈≈≈≈≈≈≈# #
#.....≈≈).≈≈≈≈≈≈≈≈# ##
##(.≈..≈≈..≈≈≈≈≈≈≈≈# .##
##...#..≈...≈≈≈≈≈≈≈≈# ≈..
###.PP##..≈≈..≈≈≈≈≈≈≈≈# ≈≈≈
#PP.PP....≈..≈≈≈≈≈≈≈≈≈# ≈≈≈
.P..P........≈≈≈≈≈≈≈≈≈ ≈≈≈
≈P≈..P......≈≈.≈≈≈≈≈≈


You could see an alligator snapping turtle (extremely poisoned), a friendly orc
knight and the friendly Zartorak the orc high priest (strong).

Vanquished Creatures
  A merfolk impaler (Shoals:1)
  2 hydras
  2 merfolk avatars
  4 sea snakes
  A harpy (Shoals:1)
  2 manticores
  A cyclops (Shoals:2)
  2 merfolk sirens
  A black mamba (Lair:2)
  4 elephants
  3 spiny frogs
  2 komodo dragons
  A troll (D:9)
  4 merfolk
  Grinder (D:4)
  A polar bear (Lair:6)
  A wind drake (Lair:6)
  4 blink frogs
  A snapping turtle (Shoals:1)
  3 dream sheep (Shoals:2)
  2 hippogriffs
  A vampire (D:9)
  A water elemental (Shoals:1)
  2 basilisks
  11 yaks
  The ghost of Fractals the Charlatan, an amateur HaAr (D:3)
  Edmund (D:4)
  4 water moccasins
  2 porcupines (D:8)
  A hornet zombie (D:5)
  3 orc warriors (Bailey)
  A black bear (D:9)
  3 phantoms
  An ice beast (D:7)
  2 ogres
  A sky beast (D:9)
  3 wolves
  8 crocodiles
  3 bullfrogs
  4 big kobolds (Sewer)
  A scorpion (D:7)
  2 howler monkeys (D:4)
  4 jellies
  2 orc priests
  4 hounds
  2 iguanas
  6 worker ants
  5 orc wizards
  Ijyb (D:5)
  2 hound skeletons
  A howler monkey zombie (D:5)
  A worker ant zombie (D:8)
  Robin (D:4)
  6 gnolls
  A howler monkey skeleton (D:8)
  8 adders
  2 river rats (Sewer)
  A shadow imp (D:5)
  5 oozes
  An adder skeleton (D:4)
  An adder zombie (D:5)
  9 worms
  2 dart slugs
  3 leopard geckos
  16 orcs
  9 ball pythons
  8 giant cockroaches
  10 goblins
  9 hobgoblins
  16 jackals
  7 quokkas
  8 bats
  4 frilled lizards
  A jackal skeleton (D:7)
  14 kobolds
  A leopard gecko zombie (D:5)
  A quokka skeleton (D:9)
  8 rats
  A plant (Lair:2)
280 creatures vanquished.

Vanquished Creatures (collateral kills)
  The ghost of Plazmod the Devastator, a journeyman DECj of Vehumet (Lair:5)
  The ghost of archon2 the Destroyer, a journeyman OpCj of Sif Muna (Lair:1)
  A hydra (Lair:4)
  A merfolk aquamancer (Shoals:1)
  A catoblepas (Lair:4)
  2 death yaks (Lair:4)
  6 sea snakes
  2 harpies (Shoals:1)
  2 fauns (Shoals:1)
  5 manticores
  8 elephants
  A merfolk siren (Shoals:1)
  A water nymph (Shoals:2)
  6 black mambas
  2 torpor snails
  A rime drake (Lair:6)
  6 spiny frogs
  6 komodo dragons
  4 polar bears (Lair:6)
  10 merfolk
  A wind drake (Lair:6)
  A troll (D:7)
  4 hornets
  A snapping turtle (Shoals:2)
  A dream sheep (Shoals:2)
  28 blink frogs
  9 hippogriffs
  2 water elementals
  2 basilisks (Lair:5)
  2 wyverns
  18 yaks
  6 porcupines
  11 water moccasins
  An eye of draining (D:8)
  3 phantoms
  An ice beast (D:6)
  6 wolves
  3 centaurs
  9 crocodiles
  A big kobold (D:9)
  8 bullfrogs
  A wyvern skeleton (D:6)
  3 scorpions
  2 howler monkeys (D:9)
  3 crimson imps
  A quasit (D:5)
  A bullfrog zombie (D:6)
  A bullfrog skeleton (D:6)
  3 orc priests
  A hound (D:5)
  2 jellies
  A gnoll shaman (D:9)
  3 orc wizards
  2 iguanas
  3 worker ants
  A hound zombie (D:7)
  4 gnolls
  5 adders
  A leopard gecko (D:6)
  8 orcs
  2 hobgoblins (Bailey)
  A jackal (D:8)
  3 goblins (Bailey)
  19 fungi
  34 plants
290 creatures vanquished.

Vanquished Creatures (others)
  An orc knight (Shoals:2)
  2 orc warriors
  2 orc wizards
  An orc priest (D:7)
  A dart slug (D:2)
  11 orcs
  A goblin (D:2)
  A bat (D:2)
  A kobold (D:3)
  A rat (D:3)
  5 fungi
  11 plants
  2 withered plants (Lair:1)
40 creatures vanquished.

Grand Total: 610 creatures vanquished

Notes
Turn   | Place    | Note
-------+----------+-------------------------------------------
     0 | D:1      | jondo1214 the Hill Orc Fighter began the quest for the Orb.
     0 | D:1      | Reached XP level 1. HP: 19/19 MP: 1/1
   417 | D:1      | Reached XP level 2. HP: 27/27 MP: 2/2
   768 | D:1      | Reached skill level 3 in Axes
  1160 | D:2      | Noticed an orc warrior
  1161 | D:2      | Became a worshipper of Beogh the Brigand
  1192 | D:2      | Reached XP level 3. HP: 32/33 MP: 3/3
  2108 | D:3      | Reached * piety under Beogh
  2108 | D:3      | Reached XP level 4. HP: 40/40 MP: 4/4
  2155 | D:3      | Reached skill level 4 in Axes
  2168 | D:3      | Found a glowing drain.
  2206 | Sewer    | Entered a sewer
  2283 | Sewer    | Noticed a big kobold
  2309 | Sewer    | Killed a big kobold
  2309 | Sewer    | Reached skill level 1 in Invocations
  2309 | Sewer    | Reached XP level 5. HP: 47/47 MP: 5/5
  2481 | Sewer    | Noticed a big kobold
  2513 | Sewer    | Killed a big kobold
  2513 | Sewer    | Reached skill level 5 in Axes
  2513 | Sewer    | Reached XP level 6. HP: 42/53 MP: 5/7
  2864 | Sewer    | Reached skill level 6 in Axes
  2929 | Sewer    | Reached ** piety under Beogh
  3009 | Sewer    | Reached XP level 7. HP: 60/60 MP: 8/8
  3151 | D:3      | Found a radiant altar of Vehumet.
  3327 | D:3      | Found a runed translucent door.
  3331 | D:3      | Noticed Fractals's ghost (amateur HaAr)
  3409 | D:3      | Killed Fractals's ghost
  3409 | D:3      | Reached skill level 5 in Fighting
  3409 | D:3      | Reached skill level 5 in Shields
  3443 | D:3      | Found a white marble altar of Elyvilon.
  3858 | D:4      | Found Qoseelor's Antique Armour Shop.
  3869 | D:4      | Reached skill level 7 in Axes
  3869 | D:4      | Reached skill level 1 in Dodging
  4146 | D:4      | Noticed Edmund
  4169 | D:4      | Killed Edmund
  4169 | D:4      | Reached skill level 8 in Axes
  4169 | D:4      | Reached XP level 8. HP: 65/69 MP: 10/10
  4248 | D:4      | Reached *** piety under Beogh
  4252 | D:4      | Noticed Grinder
  4256 | D:4      | Noticed Robin
  4269 | D:4      | Paralysed by Grinder for 4 turns
  4279 | D:4      | Killed Grinder
  4287 | D:4      | Killed Robin
  4415 | D:5      | Entered Level 5 of the Dungeon
  4464 | D:5      | Reached skill level 1 in Maces & Flails
  4625 | D:5      | Reached skill level 9 in Axes
  4625 | D:5      | Reached skill level 5 in Armour
  4954 | D:5      | Found a hazy altar of Hepliaklqana.
  5164 | D:5      | Noticed Ijyb
  5172 | D:5      | Killed Ijyb
  5173 | D:5      | Reached XP level 9. HP: 50/75 MP: 10/12
  5186 | D:5      | Reached **** piety under Beogh
  5258 | D:5      | Reached skill level 10 in Axes
  5749 | D:6      | Gained Hilgar as an ally
  5932 | D:6      | Found a staircase to the Ecumenical Temple.
  5964 | D:6      | Reached skill level 11 in Axes
  6155 | D:6      | Found a hide-covered altar of Uskayaw.
  6694 | D:7      | Found a shadowy altar of Dithmenos.
  6700 | D:7      | Noticed a troll
  6708 | D:7      | Killed a troll
  6708 | D:7      | Reached skill level 5 in Invocations
  6708 | D:7      | Reached skill level 1 in Evocations
  6740 | D:7      | Found a flagged portal.
  6761 | Bailey   | Entered a bailey
  6783 | Bailey   | Reached XP level 10. HP: 65/86 MP: 13/13
  6807 | Bailey   | Reached skill level 12 in Axes
  7299 | D:8      | Reached ***** piety under Beogh
  7394 | D:8      | Found a staircase to the Lair.
  7801 | D:8      | Found a shimmering blue altar of Sif Muna.
  7993 | D:8      | Gained Zartorak as an ally
  8412 | D:9      | Found a burning altar of Makhleb.
  9163 | Lair:1   | Entered Level 1 of the Lair of Beasts
  9285 | Lair:1   | Reached XP level 11. HP: 69/94 MP: 15/15
  9289 | Lair:1   | Found a runed translucent door.
  9290 | Lair:1   | Noticed archon2's ghost (journeyman OpCj)
 10096 | Lair:1   | Killed archon2's ghost
 10138 | Lair:2   | Reached skill level 13 in Axes
 10152 | Lair:2   | Found a staircase to the Snake Pit.
 10883 | Lair:3   | Reached skill level 5 in Evocations
 11179 | Lair:3   | Got a bone morningstar
 11180 | Lair:3   | Identified the +7 morningstar "Newtbane" {venom, rPois MP+9
                  | Int+3 SInv} (You found it on level 3 of the Lair of Beasts)
 11871 | Lair:4   | Noticed a death yak
 11874 | Lair:4   | Noticed a death yak
 11877 | Lair:4   | Killed a death yak
 11877 | Lair:4   | Reached XP level 12. HP: 84/104 MP: 17/17
 11881 | Lair:4   | Killed a death yak
 11956 | Lair:4   | Reached skill level 1 in Stealth
 12011 | Lair:4   | Noticed a catoblepas
 12016 | Lair:4   | Killed a catoblepas
 12074 | Lair:4   | Noticed a four-headed hydra
 12082 | Lair:4   | Killed a four-headed hydra
 12291 | Lair:4   | Reached ****** piety under Beogh
 12310 | Lair:4   | Noticed a six-headed hydra
 12315 | Lair:4   | Killed a six-headed hydra
 12682 | Lair:5   | Found a glowing silver altar of Zin.
 12693 | Lair:5   | Found a runed translucent gate.
 12693 | Lair:5   | Found a runed translucent gate.
 12693 | Lair:5   | Found a runed translucent gate.
 12693 | Lair:5   | Noticed Plazmod's ghost (journeyman DECj)
 12703 | Lair:5   | Killed Plazmod's ghost
 12703 | Lair:5   | Reached skill level 14 in Axes
 12703 | Lair:5   | Reached skill level 10 in Shields
 13677 | Lair:6   | Entered Level 6 of the Lair of Beasts
 13677 | Lair:6   | Found a staircase to the Slime Pits.
 13727 | Lair:6   | Reached skill level 5 in Maces & Flails
 13746 | Lair:6   | Reached skill level 10 in Fighting
 13750 | Lair:6   | Reached XP level 13. HP: 46/113 MP: 19/19
 13887 | Lair:6   | Paralysed by a hornet for 2 turns
 13947 | Lair:6   | Reached skill level 10 in Armour
 15377 | Lair:2   | Found a staircase to the Shoals.
 15688 | Shoals:1 | Entered Level 1 of the Shoals
 15688 | Shoals:1 | Noticed a merfolk impaler
 15694 | Shoals:1 | Killed a merfolk impaler
 15734 | Shoals:1 | Gained Wargrak as an ally
 16609 | Shoals:2 | Reached skill level 10 in Invocations
 16609 | Shoals:2 | Reached XP level 14. HP: 122/122 MP: 21/21
 16759 | Shoals:2 | Reached skill level 15 in Axes
 17369 | Shoals:2 | Slain by an alligator snapping turtle

Illustrated notes

Levels and vault maps discovered:
D:1:      dpeg_arrival_erosion, layout_loops_corners
D:2:      layout_basic
D:3:      layout_loops_corners, lemuel_crystal_altar, fiery_altar_vehumet,
          gup_sewer_entry_bubbles, ebering_ghost_reflecting_pool
D:4:      layout_basic, serial_shops, shop, uniq_edmund, uniq_robin,
          uniq_grinder
D:5:      layout_layer_cave, nicolae_overflow_crystal_walls, first_ration,
          st_stairs_3, hangedman_glass_teeth, minivault_25, kennysheep_boxes,
          uniq_ijyb
D:6:      wad_guarded_room, layout_basic, kennysheep_mini,
          minmay_temple_entry_arrows
D:7:      layout_basic, nicolae_dithmenos_the_darkroom, enter_bailey_2,
          serial_bayou_pond_a
D:8:      layout_loops_ring, kennysheep_little_box, minmay_lair_entry_grove
D:9:      layout_loops_corners, blue_anna_alchemist [blue_anna_fruit_fields,
          blue_anna_fruit_fields], bloody_makhleb
Lair:1:   layout_regular_city, gammafunk_ghost_grave
Lair:2:   layout_layer_cave, minmay_shoals_entry_lonely_mermaid,
          minmay_snake_entry_six_corridors
Lair:3:   layout_cave_pods
Lair:4:   layout_gridlike, minivault_26, serial_bayou_pond_e, lemuel_fruit_tree,
          serial_bayou_shore_b
Lair:5:   layout_cave_pods, basic_altar, ebering_ghost_rock_garden,
          serial_bayou_shore_b, grunt_megastairs_2
Lair:6:   gammafunk_lair_ancient_temple, layout_cave_pods, slime_dummy
Shoals:1: layout_shoals
Shoals:2: layout_shoals

Skill      XL: |  1  2  3  4  5  6  7  8  9 10 11 12 13 14 |
---------------+-------------------------------------------+-----
Fighting       | 4 5 6 7 8 9 10 | 10.8
Axes           | 3 4 5 6 8 9 11 12 13 14 15 | 15.1
Shields        | 4 5 6 7 8 9 10 11 | 11.7
Invocations    | 1 2 4 5 6 7 9 10 | 10.3
Armour         | 4 5 6 7 8 9 10 | 10.9
Dodging        | 1 2 |  2.2
Maces & Flails | 1 2 5 7 8 |  8.1
Evocations     | 1 3 5 6 7 |  7.7
Stealth        | 1 |  1.8
Polearms       | |  0.5

Action                   |  1- 3 |  4- 6 |  7- 9 | 10-12 | 13-15 || total
-------------------------+-------+-------+-------+-------+-------++-------
Melee: War axe           |   128 |   203 |   382 |   308 |       ||  1021
       Flail             |       |       |    18 |       |       ||    18
       Demon trident     |       |       |       |    17 |       ||    17
       Morningstar       |       |       |       |   127 |   251 ||   378
Invok: Convert to Beogh  |     1 |       |       |       |       ||     1
       Recall Orcish Fol |       |       |     1 |     8 |     3 ||    12
       Give Item to Name |       |       |       |     2 |       ||     2
       Smiting           |       |       |       |     2 |     9 ||    11
       Resurrection      |       |       |       |     1 |     1 ||     2
  Use: Scroll            |     7 |     1 |    10 |    17 |     2 ||    37
       Potion            |       |       |     3 |     5 |     1 ||     9
 Stab: Distracted        |       |       |       |     4 |     2 ||     6
  Eat: Chunk             |     3 |     5 |    13 |    21 |     9 ||    51
       Ration            |       |       |       |       |     1 ||     1
Armor: Scale mail        |    77 |    64 |    16 |       |       ||   157
       Chain mail        |       |       |   256 |   198 |       ||   454
       Plate armour      |       |       |       |   117 |   200 ||   317
Dodge: Dodged            |    50 |    46 |   112 |   154 |    70 ||   432
Block: Kite shield       |    95 |    80 |   263 |   357 |   195 ||   990
